 Dungeon Crawl Stone Soup version 0.29-a0-334-gb41bcbb86e (webtiles) character file.

Game seed: 6641994231702993867

4 BritishOli the Skirmisher (level 1, -1/18 HPs)
             Began as a Demonspawn Monk on Apr 14, 2022.
             Slain by a giant cockroach (2 damage)
             ... on level 1 of the Dungeon.
             The game lasted 00:00:28 (327 turns).

BritishOli the Skirmisher (Demonspawn Monk)          Turns: 327, Time: 00:00:29

Health: -1/18      AC:  2    Str: 11    XL:     1   Next: 58%
Magic:  1/1        EV: 13    Int: 11    God:
Gold:   0          SH:  0    Dex: 15    Spells: 0/0 levels left

rFire   . . .      SeeInvis .   a - +0 falchion
rCold   . . .      Faith    .   (no shield)
rNeg    . . .      Spirit   .   b - +0 robe
rPois   .          Reflect  .   (no helmet)
rElec   .          Harm     .   (no cloak)
rCorr   .          Rampage  .   (no gloves)
Will    .....                   (no boots)
Stlth   ++........              (no amulet)
HPRegen 0.06/turn               (no ring)
MPRegen 0.07/turn               (no ring)

@: no status effects
A: no striking features
a: no special abilities


You were on level 1 of the Dungeon.
You visited 1 branch of the dungeon, and saw 1 of its levels.

Inventory:

Hand Weapons
 a - a +0 falchion (weapon)
Armour
 b - a +0 robe (worn)
Scrolls
 d - a scroll of brand weapon {unknown}
Potions
 c - a potion of ambrosia


   Skills:
 + Level 3.0 Fighting
 + Level 2.7 Long Blades
 + Level 2.7 Dodging
 + Level 1.9 Stealth


You couldn't memorise any spells.
You didn't know any spells.
Your spell library was empty.

Dungeon Overview and Level Annotations

Branches:
Dungeon (1/15)

Altars:


Message History

You see here a rat corpse.
A quokka and a rat come into view.
There are monsters nearby!
There are monsters nearby!
A giant cockroach comes into view.
There are monsters nearby!
The giant cockroach bites you but does no damage.
The quokka bites you.
There are monsters nearby!
You barely miss the quokka. The giant cockroach misses you.
The quokka bites you.
The giant cockroach completely misses you.
The quokka barely misses you.
There are monsters nearby!
You miss the quokka. The rat bites you. The giant cockroach closely misses you.
The quokka bites you. The rat barely misses you.
There are monsters nearby!
You are too injured to fight recklessly!
There are monsters nearby!
You are too injured to fight recklessly!
There are monsters nearby!
You are too injured to fight recklessly!
There are monsters nearby!
You are too injured to fight recklessly!
There are monsters nearby!
You are too injured to fight recklessly!
You hit the giant cockroach.
The giant cockroach is heavily wounded.
The giant cockroach misses you. The quokka barely misses you.
The rat bites you. The giant cockroach bites you.
* * * LOW HITPOINT WARNING * * *
You miss the quokka. The quokka misses you. The giant cockroach misses you.
The rat twitches its whiskers.
The rat barely misses you. The quokka bites you.
* * * LOW HITPOINT WARNING * * *
The rat bites you.
* * * LOW HITPOINT WARNING * * *
You barely miss the rat. The giant cockroach misses you. The quokka misses you.
The rat bites you but does no damage. The giant cockroach bites you.
You die...

._.##.≈...≈.....
#########........#.##...
.........#....####.#....
...........#....).....##
♣...........#####.#..#
♣.........## #.#.##
♣.......#..#####.#.###
♣...r......>..........
♣...r@.......###..♣♣.♣
♣...B.............♣
♣.....♣.♣♣........♣
......#.....♣♣......)♣ ♣
###...###....♣♣####..♣♣.♣
### #♣..♣P♣♣###......
♣.♣.P.♣...†.....
♣♣.P............
#♣♣♣♣.♣........#


You could see a quokka, a giant cockroach and a rat.

Vanquished Creatures
  A goblin (D:1)
  A hobgoblin (D:1)
  A ball python (D:1)
  2 rats (D:1)
  2 toadstools (D:1)
7 creatures vanquished.

Vanquished Creatures (others)
  2 toadstools (D:1)
2 creatures vanquished.

Grand Total: 9 creatures vanquished

Notes
Turn   | Place    | Note
-------+----------+-------------------------------------------
     0 | D:1      | BritishOli the Demonspawn Monk began the quest for the Orb.
     0 | D:1      | Reached XP level 1. HP: 18/18 MP: 1/1
   327 | D:1      | Slain by a giant cockroach

Illustrated notes

Levels and vault maps discovered:
D:1:      ldierk_water_garden, layout_rooms, ebering_ecumenical_altar_rust,
          serial_forest, infiniplex_forest_lined_ring,
          infiniplex_forest_straight_4, infiniplex_forest_clump_long,
          infiniplex_forest_corner_2, infiniplex_forest_clump_curved,
          infiniplex_forest_clump_large, chequers_serial_rivers_large_a,
          nrook_campfire, minivault_25

Action                   || total
-------------------------++-------
Melee: Falchion          ||    23
Armor: Robe              ||     8
Dodge: Dodged            ||    23

Table legend: (Time is in decaauts)
 A = Elapsed time spent in this place.
 B = Non-inter-level travel time spent in this place.
 C = Inter-level travel time spent in this place.
 D = Time resting spent in this place.
 E = Time spent auto-exploring this place.
 F = Levels seen in this place.
 G = Mean time per level.
                   A        B        C        D        E       F      G
               +--------+--------+--------+--------+--------+-----+--------+
         Total |    330 |    330 |      0 |    217 |     53 |   1 |  330.0 |
       Dungeon |    330 |    330 |      0 |    217 |     53 |   1 |  330.0 |
               +--------+--------+--------+--------+--------+-----+--------+

Top non-repeatable levels by time:
     D:1: 330 daAuts
